 Dungeon Crawl Stone Soup version 0.27-a0-887-gcab673c142 (webtiles) character file.

Game seed: 16177188842236331804

2 leviel the Sneak (level 1, -1/20 HPs)
             Began as a Djinni Delver on Apr 4, 2021.
             Slain by a hound (2 damage)
             ... on level 5 of the Dungeon.
             The game lasted 00:00:37 (41 turns).

leviel the Sneak (Djinni Delver)                      Turns: 41, Time: 00:00:37

Health: -1/20      AC:  3    Str: 11    XL:     1   Next: 40%
Gold:   0          EV: 12    Int: 11    God:
                   SH:  0    Dex: 14

rFire    + + .     SeeInvis .   a - +0 falchion
rCold    x . .     Faith    .   (no shield)
rNeg     . . .     Spirit   .   b - +0 leather armour
rPois    ∞         Reflect  .   (no helmet)
rElec    .         Harm     .   (no cloak)
rCorr    .         Rampage  .   (no gloves)
Will     .....                  (boots unavailable)
Stlth    ++........             (no amulet)
HPRegen  0.06/turn              (no ring)
MPRegen  0.00/turn              (no ring)

@: flying, hasted, very quick
A: fire resistance 2, cold vulnerability 1, float, innate caster, hp casting,
extra vitality 1
a: no special abilities


You were on level 5 of the Dungeon.
You visited 1 branch of the dungeon, and saw 1 of its levels.

Inventory:

Hand Weapons
 a - a +0 falchion (weapon)
Armour
 b - a +0 leather armour (worn)
Wands
 g - a wand of digging (3)
 i - a wand of polymorph (4)
Scrolls
 c - a scroll of fog
 d - a scroll of magic mapping
 e - a scroll of fear
 h - a scroll of identify {unknown}


   Skills:
 + Level 3.0 Fighting
 + Level 1.7 Long Blades
 + Level 2.2 Dodging
 + Level 4.2 Stealth


You couldn't memorise any spells.
You didn't know any spells.
Your spell library was empty.

Dungeon Overview and Level Annotations

Branches:
Dungeon (5/15)
 Temple: D:4-7

Altars:
Dithmenos


Innate Abilities, Weirdness & Mutations

You are immune to poison.
Your flesh is very heat resistant. (rF++)
You are vulnerable to cold. (rC-)
You float through the air rather than walking.
You learn spells naturally, not from books.
Your magical power is your life essence.
You have superior vitality. (+4 HP)


Message History

A hound comes into view.
Found a tower shield.
The dart slug launches a dart at you. The slug dart hits you.
You hit the dart slug.
The dart slug is heavily wounded.
The dart slug barely misses you.
You slash the dart slug!
You kill the dart slug!
An ogre comes into view. It is wielding a +0 giant club.
There are monsters nearby!
The ogre shouts!
Found a bronze wand.
A bullfrog zombie comes into view.
The hound barks!
The bullfrog zombie moves out of view.
The hound pauses to sniff the ground.
There is a shadowy altar of Dithmenos here.
You see here a wand of polymorph (4).
i - a wand of polymorph (4)
The bullfrog zombie hits you. The hound bites you.
The bullfrog zombie barely misses you.
The bullfrog zombie hits you but does no damage.
You don't know any spells.
You feel yourself speed up. The hound barely misses you.
The bullfrog zombie misses you.
You riposte.
You hit the bullfrog zombie but do no damage.
The hound closely misses you.
You closely miss the hound. The bullfrog zombie hits you. The hound bites you.
* * * LOW HITPOINT WARNING * * *
You hit the hound.
The hound is lightly wounded.
The hound bites you but does no damage. The bullfrog zombie hits you.
* * * LOW HITPOINT WARNING * * *
You closely miss the hound. The hound bites you.
* * * LOW HITPOINT WARNING * * *
The bullfrog zombie hits you.
* * * LOW HITPOINT WARNING * * *
The hound bites you.
You die...

####### #. .....#
####.. ....# .....
...#### #. ....
#.....# #.. #..###@.#
# ...# #..#Zh###.#
....##...O.##..#
................
......##.........##..
...#.# ##..._...## #.
#....##.........##. #
#................. .#
#[....##.....##..##.#


You could see an ogre, a hound and a bullfrog zombie.

Vanquished Creatures
  A dart slug (D:5)
1 creature vanquished.

Notes
Turn   | Place    | Note
-------+----------+-------------------------------------------
     0 | D:5      | leviel the Djinni Delver began the quest for the Orb.
     0 | D:5      | Reached XP level 1. HP: 20/20 MP: 0/0
     8 | D:5      | Found a shadowy altar of Dithmenos.
    17 | D:5      | Noticed a hound
    22 | D:5      | Noticed an ogre
    41 | D:5      | HP: 1/20 [bullfrog zombie (1)]
    41 | D:5      | Slain by a hound

Illustrated notes

Levels and vault maps discovered:
D:5:      layout_rooms, nicolae_dithmenos_shadow_blocks

Action                   || total
-------------------------++-------
Melee: Falchion          ||     5
  Use: Potion            ||     1
Armor: Leather armour    ||     2
Dodge: Dodged            ||     6
       Rpst.: Falchion   ||     1

Table legend: (Time is in decaauts)
 A = Elapsed time spent in this place.
 B = Non-inter-level travel time spent in this place.
 C = Inter-level travel time spent in this place.
 D = Time resting spent in this place.
 E = Time spent auto-exploring this place.
 F = Levels seen in this place.
 G = Mean time per level.
                   A        B        C        D        E       F      G
               +--------+--------+--------+--------+--------+-----+--------+
         Total |     41 |     41 |      0 |      0 |     12 |   1 |   41.0 |
       Dungeon |     41 |     41 |      0 |      0 |     12 |   1 |   41.0 |
               +--------+--------+--------+--------+--------+-----+--------+

Top non-repeatable levels by time:
     D:5: 41 daAuts
